Map: Goldenaura LE

Players

Subwayeatn - Winner!

  • Race: Zerg Zerg
  • League: Platinum
  • Spawn Location: 5:00

Severance

  • Race: Terran Terran
  • League: Platinum
  • Spawn Location: 12:00

VOD

Have the link to the VOD?

Description

Time

  • Played on: Oct. 31, 2023, 5:15 p.m.
  • Length: 10:53
Show
View Real Time Build Order
Export as new Build Order

Subwayeatn Zerg - Winner!

Build Orders: Pool First 

Get SALT Encoding   

  12  0:17  Spawning Pool  
  11  0:22  Drone  
  11  0:27  Drone  
  13  0:31  Drone  
  14  0:40  Overlord  
  14  1:06  Hatchery  
  14  1:09  Zergling x2  
  14  1:15  Zergling x2  
  14  1:17  Zergling x2  
  16  1:24  Zergling x2  
  17  1:32  Zergling x2  
  18  1:36  Queen  
  20  1:42  Drone  
  21  1:53  Drone  
  20  2:32  Queen  
  20  2:34  Queen  
  21  2:39  Extractor  
  21  2:40  Drone x3  
  23  2:55  Overlord  
  23  3:02  Zergling x6  
  26  3:12  Queen  
  28  3:23  Drone x7  
  35  3:52  Drone x2, Baneling Nest  
  35  3:53  Overlord  
  36  3:57  Overlord  
  36  4:09  Overlord x2  
  36  4:14  Metabolic Boost  
  36  4:19  Extractor, Drone x3  
  38  4:25  Drone x5  
  38  4:26  Drone  
  38  4:28  Drone  
  38  4:31  Drone  
  46  4:38  Queen  
  48  4:57  Lair  
  48  5:26  Drone x4  
  48  5:27  Drone x6  
  58  5:30  Hatchery  
  57  5:38  Overlord  
  57  5:40  Overlord  
  57  5:45  Extractor  
  57  5:46  Extractor  
  55  6:00  Evolution Chamber, Overlord  
  55  6:02  Zergling x2  
  55  6:03  Zergling x12  
  55  6:04  Evolution Chamber  
  60  6:11  Hydralisk Den  
  58  6:26  Zergling x2  
  58  6:27  Zergling x8  
  58  6:30  Zerg Melee Weapons Level 1, Spine Crawler  
  58  6:31  Zerg Missile Weapons Level 1  
  62  6:33  Pneumatized Carapace  
  62  6:34  Centrifugal Hooks, Spine Crawler  
  62  6:37  Drone  
  62  6:39  Drone x3  
  65  6:54  Zergling x6  
  65  6:55  Zergling x4  
  65  6:56  Queen  
  72  7:06  Overlord x2  
  72  7:08  Hydralisk x6  
  84  7:28  Zergling x2, Hydralisk x4  
  73  8:09  Hydralisk x4  
  73  8:11  Zergling x8  
  73  8:12  Zergling x2  
  86  8:14  Grooved Spines  
  86  8:23  Overseer  
  86  8:24  Overseer  
  86  8:28  Overlord  
  86  8:30  Overlord  
  86  8:36  Zerg Missile Weapons Level 2  
  86  8:40  Drone x3  
  89  8:48  Infestation Pit, Hatchery  
  87  9:00  Overlord  
  87  9:02  Zergling x10  
  92  9:03  Zergling x8  
  92  9:04  Muscular Augments  
  92  9:09  Overseer  
  96  9:18  Drone x8  
  104  9:26  Hive  
  84  9:56  Zergling x26  
  93  10:10  Hydralisk  
  93  10:11  Hydralisk x7  
  103  10:21  Drone  
  103  10:22  Drone x4, Extractor x2  
Show
View Real Time Build Order
Export as new Build Order

Severance Terran 

Build Orders: Reaper Expand 

Get SALT Encoding   

  12  0:03  SCV  
  13  0:15  SCV  
  13  0:18  Supply Depot  
  14  0:29  SCV  
  15  0:40  Refinery  
  15  0:41  SCV  
  16  0:45  Barracks  
  16  0:53  SCV  
  17  1:05  SCV  
  18  1:17  SCV  
  19  1:31  Orbital Command  
  19  1:33  Reaper  
  20  1:43  Command Center  
  20  2:11  Marine  
  20  2:29  Marine  
  16  2:46  Marine  
  16  2:48  SCV, Supply Depot  
  18  2:58  Orbital Command  
  18  3:00  SCV  
  18  3:04  Marine  
  20  3:05  Bunker  
  21  3:12  SCV  
  21  3:20  Factory  
  21  3:22  Marine  
  21  3:24  Bunker  
  21  3:25  SCV  
  23  3:31  SCV  
  24  3:37  SCV  
  25  3:43  SCV  
  25  3:47  Orbital Command  
  26  3:49  SCV  
  26  3:53  Refinery  
  26  3:54  Engineering Bay  
  27  4:01  SCV  
  28  4:08  Barracks  
  28  4:12  Marine  
  28  4:13  SCV  
  30  4:17  SCV  
  30  4:21  Command Center  
  31  4:24  Terran Infantry Weapons Level 1  
  31  4:31  Barracks Tech Lab  
  31  4:35  SCV x2  
  33  4:47  SCV x2  
  33  4:49  Hellion  
  33  4:52  Marine  
  37  4:59  SCV x2  
  40  5:10  Marine  
  40  5:11  Hellion, SCV x2  
  45  5:21  Starport  
  45  5:28  Marine  
  45  5:30  Supply Depot  
  45  5:33  Hellion, Supply Depot x2, SCV x2  
  51  5:40  Orbital Command  
  50  5:46  SCV x2, Marine  
  53  5:54  Hellion  
  55  5:58  SCV  
  55  6:04  Marine  
  57  6:05  Refinery x2  
  57  6:18  Factory Reactor  
  57  6:21  Marine  
  58  6:35  Terran Infantry Armor Level 1  
  58  6:39  Marine  
  59  6:47  Orbital Command  
  59  6:49  Barracks, SCV x2  
  59  6:50  Barracks x2  
  61  6:57  Marine  
  61  6:59  Widow Mine x2  
  61  7:00  Stimpack  
  66  7:01  SCV x2  
  68  7:13  SCV  
  68  7:15  Marine  
  70  7:21  Widow Mine x2  
  74  7:29  Command Center  
  72  7:33  Marine  
  73  7:37  Marine  
  73  7:38  Marine x2  
  76  7:45  Widow Mine  
  76  7:46  Widow Mine  
  76  7:50  Marine  
  81  7:55  Marine x2  
  81  7:56  Orbital Command, Marine  
  73  8:07  Widow Mine  
  73  8:08  Marine  
  73  8:09  Widow Mine  
  78  8:13  Marine x3  
  78  8:18  Armory  
  81  8:26  Marine  
  82  8:28  Widow Mine  
  82  8:29  Supply Depot  
  82  8:31  Marine  
  85  8:40  Combat Shield  
  85  8:41  SCV x3, Marine x2  
  90  8:44  Marine  
  90  8:48  SCV  
  92  8:49  Marine  
  92  8:53  SCV x3  
  96  8:58  Marine  
  96  8:59  Marine  
  96  9:00  SCV  
  96  9:02  Marine  
  100  9:05  SCV x2  
  100  9:07  Marine  
  103  9:12  Command Center  
  103  9:14  Command Center  
  103  9:16  Marine x2  
  105  9:19  Marine  
  105  9:22  Ghost Academy  
  106  9:24  Marine  
  106  9:30  Medivac  
  109  9:34  Marine x2  
  109  9:37  Marine  
  111  9:42  Marine  
  103  9:52  Marine x2  
  86  9:55  Marine  
  71  10:00  Marine, Medivac  
  65  10:10  Marine x2  
  65  10:13  Marine  
  55  10:18  Marine  
  56  10:28  Marine x2  
  58  10:29  Command Center  
  58  10:31  Marine  
Tags
 
Add a new tag
Caveats
  • Supply blocks, unpowered buildings, or Contaminate may cause inaccurate times.
  • Supply counts are checked every 10 seconds.